 Dungeon Crawl Stone Soup version 0.28-a0-1638-g9123634e07 (webtiles) character file.

Game seed: 16941283290847922332

858 lonewolfV2 the Chopper (level 8, -6/61 HPs)
             Began as a Formicid Fighter on Jan 25, 2022.
             Was a Follower of Okawaru.
             Mangled by a hornet simulacrum (11 damage)
             ... on level 5 of the Dungeon.
             The game lasted 00:08:45 (5989 turns).

lonewolfV2 the Chopper (Formicid Fighter)           Turns: 5989, Time: 00:08:46

Health: -6/61      AC:  9    Str: 24    XL:     8   Next: 22%
Magic:  8/8        EV: 10    Int:  7    God:    Okawaru [*.....]
Gold:   215        SH:  5    Dex: 16    Spells: 7/7 levels left

rFire   + + .      SeeInvis +   a - +1 war axe (venom)
rCold   . . .      Faith    .   c - +0 buckler
rNeg    . . .      Spirit   .   q - +1 scale mail {rF+}
rPois   .          Reflect  .   (helmet unavailable)
rElec   .          Harm     .   (no cloak)
rCorr   .          Rampage  .   o - +0 pair of gloves {Stlth+}
Will    .....                   (no boots)
Stlth   ++........              (no amulet)
HPRegen 0.20/turn               f - ring of protection from fire
MPRegen 0.11/turn               r - +6 ring of dexterity

@: no status effects
A: permanent stasis, dig shafts and tunnels, antennae 3, four strong arms
a: Dig, Shaft Self, Renounce Religion, Heroism


You were on level 5 of the Dungeon.
You worshipped Okawaru.
Okawaru was aware of your devotion.
You visited 1 branch of the dungeon, and saw 5 of its levels.

You collected 215 gold pieces.

Inventory:

Hand Weapons
 a - a +1 war axe of venom (weapon)
Armour
 b - a +0 scale mail
 c - a +0 buckler (worn)
 l - an orb of guile
 o - a +0 pair of gloves of stealth (worn)
 q - a +1 scale mail of fire resistance (worn)
Jewellery
 e - an amulet of magic regeneration
 f - a ring of protection from fire (left hand)
 m - a ring of protection from cold
 r - a +6 ring of dexterity (right hand)
Wands
 h - a wand of mindburst (14)
 k - a wand of digging (5)
Scrolls
 u - 3 scrolls of identify
Potions
 d - a potion of might
 g - a potion of degeneration
 i - a potion of mutation {unknown}
 j - a potion of heal wounds {unknown}
 n - a potion of lignification {unknown}
 p - a potion of flight
 t - a potion of haste {unknown}


   Skills:
 + Level 4.7 Fighting
 + Level 6.1 Axes
 + Level 5.6 Armour
 + Level 1.8 Dodging
 + Level 1.4 Stealth
 + Level 4.7 Shields


You had 7 spell levels left.
You didn't know any spells.
Your spell library contained the following spells:

 Spells                   Type           Power      Damage    Failure   Level
 Apportation              Tloc           0%         N/A       78%         1
 Shock                    Conj/Air       0%         1d3       78%         1
 Ensorcelled Hibernation  Hex/Ice        0%         N/A       89%         2
 Conjure Flame            Conj/Fire      0%         6-21      98%         3
 Ignite Poison            Fire/Tmut/Pois 0%         N/A       98%         3
 Ozocubu's Armour         Ice            0%         N/A       98%         3
 Spider Form              Tmut/Pois      0%         N/A       98%         3
 Airstrike                Air            0%         N/A       100%        4
 Anguish                  Hex/Necr       0%         N/A       100%        4
 Sticky Flame             Conj/Fire      0%         2d3       100%        4
 Alistair's Intoxication  Tmut/Pois      0%         N/A       100%        5
 Ozocubu's Refrigeration  Ice            0%         4d5       100%        7
 Swiftness                Air            Unusable   N/A       N/A         3

Dungeon Overview and Level Annotations

Branches:
Dungeon (5/15)
 Temple: D:4-7

Altars:
Okawaru
The Shining One

Shops:
D:4 :

Annotations:
D:5 hatsuma's ghost, amateur DrTm


Innate Abilities, Weirdness & Mutations

You cannot be hasted, slowed, berserked, paralysed or teleported.
You can dig through walls and to a lower floor.
You have a pair of large antennae on your head. (SInv)
Your four strong arms can wield two-handed weapons with a shield.


Message History

The ice beast is severely wounded.
You hit hatsuma's ghost. The ice beast closely misses you.
You block hatsuma's ghost's attack.
You barely miss the ice beast.
The ice beast is severely wounded.
You hit hatsuma's ghost but do no damage.
The ice beast hits you. The ice beast freezes you!
Hatsuma's ghost whispers, "There is no future for you."
Hatsuma's ghost hits you but does no damage.
Unknown command.
You closely miss the ice beast.
The ice beast is severely wounded.
You hit hatsuma's ghost. Hatsuma's ghost hits you.
You block the ice beast's attack.
You slash the ice beast!
The ice beast is almost dead.
You hit hatsuma's ghost.
You kill the ice beast!
Okawaru accepts your kill. Hatsuma's ghost completely misses you.
You block the hornet simulacrum's attack.
Hatsuma's ghost says, "I break bones and crack skulls... with my bare hands."
You block hatsuma's ghost's attack.
Your life force feels restored.
Your Axes skill increases to level 6!
You barely miss the hornet simulacrum. You hit hatsuma's ghost.
The hornet simulacrum hits you!
* * * LOW HITPOINT WARNING * * *
The hornet simulacrum freezes you!
* * * LOW HITPOINT WARNING * * *
Hatsuma's ghost says very slowly, "There's no hope."
You block hatsuma's ghost's attack.
You block the hornet simulacrum's attack.
You feel better. Hatsuma's ghost hits you.
* * * LOW HITPOINT WARNING * * *
The hornet simulacrum hits you but does no damage.
You feel better. The hornet simulacrum hits you!
* * * LOW HITPOINT WARNING * * *
The hornet simulacrum freezes you!
You die...

###...# .>....# .##..##
.##..## ......# ......#
.##))## #################
.##)#######...............##
..<.............@......##..#
.+....#####..###ZW'###..##.#
.##..## ##.##..Z....##..#.#
.##..## #..#..?......##.#.#
......# ##.##..........#...#
......# #..#...####....##..#
###...#
#.##..##$$###...#..##
.##...# #.#.Z#
.....##..#...# ......#
#.#..# ..=Z.{#..#...#


You could see hatsuma's ghost, a hornet simulacrum, a scorpion simulacrum and a
centaur simulacrum.

Vanquished Creatures
  An ice beast (D:5)
  An ogre (D:4)
  A centaur (D:5)
  A phantom (D:4)
  The ghost of siradein the Firebug, a weakling DEFE (D:3)
  3 hounds (D:5)
  A jelly (D:5)
  An orc priest (D:5)
  Jessica (D:2)
  An orc wizard (D:4)
  A bullfrog simulacrum (D:5)
  7 gnolls
  7 adders
  A shadow imp (D:5)
  A white imp (D:5)
  An adder skeleton (D:4)
  6 worms
  11 orcs
  7 bats
  11 endoplasms
  2 giant cockroaches
  6 goblins
  8 hobgoblins
  7 jackals
  6 kobolds
  3 quokkas
  6 ball pythons
  6 frilled lizards
  7 rats
116 creatures vanquished.

Vanquished Creatures (others)
  A bush (D:5)
1 creature vanquished.

Grand Total: 117 creatures vanquished

Notes
Turn   | Place    | Note
-------+----------+-------------------------------------------
     0 | D:1      | lonewolfV2 the Formicid Fighter began the quest for the
                  | Orb.
     0 | D:1      | Reached XP level 1. HP: 18/18 MP: 1/1
   135 | D:1      | Reached XP level 2. HP: 23/24 MP: 2/2
   357 | D:1      | Reached XP level 3. HP: 27/29 MP: 3/3
   357 | D:1      | Found a faded altar of an unknown god.
  1009 | D:2      | Found an iron altar of Okawaru.
  1032 | D:2      | Became a worshipper of Warmaster Okawaru
  1217 | D:2      | Reached XP level 4. HP: 29/37 MP: 4/4
  1816 | D:2      | Noticed Jessica
  1822 | D:2      | Killed Jessica
  1823 | D:2      | Reached skill level 3 in Axes
  2471 | D:3      | Reached XP level 5. HP: 42/42 MP: 5/5
  2697 | D:3      | Found a runed translucent door.
  2770 | D:3      | Noticed siradein's ghost (weakling DEFE)
  3302 | D:3      | Killed siradein's ghost
  3376 | D:4      | Noticed a phantom
  3389 | D:4      | Killed a phantom
  3390 | D:4      | Reached skill level 4 in Axes
  3390 | D:4      | Reached skill level 1 in Dodging
  3390 | D:4      | Reached skill level 1 in Stealth
  3390 | D:4      | Reached XP level 6. HP: 20/48 MP: 6/6
  3701 | D:4      | Found a glowing golden altar of the Shining One.
  4075 | D:4      | Noticed an ogre
  4089 | D:4      | Killed an ogre
  4089 | D:4      | Reached * piety under Okawaru
  4090 | D:4      | Reached XP level 7. HP: 51/54 MP: 7/7
  4118 | D:4      | Found Kosaraet's Book Shop.
  4787 | D:5      | Entered Level 5 of the Dungeon
  4811 | D:5      | Reached skill level 5 in Axes
  5128 | D:5      | Reached skill level 5 in Armour
  5517 | D:5      | Reached XP level 8. HP: 50/61 MP: 8/8
  5755 | D:5      | Found a runed translucent gate.
  5755 | D:5      | Found a runed translucent gate.
  5755 | D:5      | Found a runed translucent gate.
  5823 | D:5      | Noticed hatsuma's ghost (amateur DrTm)
  5987 | D:5      | Reached skill level 6 in Axes
  5987 | D:5      | HP: 2/61 [hornet simulacrum (14)]
  5989 | D:5      | Mangled by a hornet simulacrum

Illustrated notes

Levels and vault maps discovered:
D:1:      minmay_arrival_up_and_down, layout_basic,
          hellmonk_ecumenical_altar_dog_temple
D:2:      layout_basic, basic_altar, chequers_serial_rivers_micro_d,
          uniq_jessica
D:3:      layout_basic, ebering_ghost_sewer_d, chequers_serial_rivers_small_3
D:4:      layout_basic, marbit_many_paths, serial_shops, nicolae_shop_trees,
          bh_walls_and_bars
D:5:      layout_gridville, gammafunk_ghost_icy, nrook_mini_vaults,
          kb_lookout_dungeons_type

Skill      XL: |  1  2  3  4  5  6  7  8 |
---------------+-------------------------+-----
Shields        | 4 |  4.7
Axes           | 3 4 5 6 |  6.1
Armour         | 4 5 |  5.6
Fighting       | 4 |  4.7
Dodging        | 1 |  1.8
Stealth        | 1 |  1.4

Action                   |  1- 3 |  4- 6 |  7- 9 || total
-------------------------+-------+-------+-------++-------
Melee: War axe           |   105 |   131 |    86 ||   322
 Abil: Dig               |       |       |     5 ||     5
  Use: Scroll            |     3 |     7 |     1 ||    11
       Potion            |       |       |     2 ||     2
 Stab: Sleeping          |       |       |     1 ||     1
Armor: Scale mail        |    53 |    69 |    32 ||   154
Dodge: Dodged            |    52 |    61 |    51 ||   164
Block: Buckler           |    28 |    38 |    31 ||    97

Table legend: (Time is in decaauts)
 A = Elapsed time spent in this place.
 B = Non-inter-level travel time spent in this place.
 C = Inter-level travel time spent in this place.
 D = Time resting spent in this place.
 E = Time spent auto-exploring this place.
 F = Levels seen in this place.
 G = Mean time per level.
                   A        B        C        D        E       F      G
               +--------+--------+--------+--------+--------+-----+--------+
         Total |   6111 |   6028 |     83 |     40 |   4736 |   5 | 1222.2 |
       Dungeon |   6111 |   6028 |     83 |     40 |   4736 |   5 | 1222.2 |
               +--------+--------+--------+--------+--------+-----+--------+

Top non-repeatable levels by time:
     D:2: 1545 daAuts
     D:4: 1442 daAuts
     D:5: 1222 daAuts
     D:1: 965 daAuts
     D:3: 936 daAuts
